 Dungeon Crawl Stone Soup version 0.26-a0-652-gafc20e3620 (webtiles) character file.

Game seed: 11187527919276172074

98 mordus the Covered (level 4, -1/35 HPs)
             Began as a Demonspawn Fighter on Oct 2, 2020.
             Succumbed to a goblin's poison
             ... on level 2 of the Dungeon.
             The game lasted 00:02:46 (1521 turns).

mordus the Covered (Demonspawn Fighter)             Turns: 1521, Time: 00:02:46

Health: -1/35      AC:  9    Str: 17    XL:     4   Next: 44%
Magic:  4/4        EV:  7    Int: 10    God:
Gold:   62         SH:  9    Dex: 12    Spells: 3/3 levels left

rFire    . . .     SeeInvis .   a - +0 trident
rCold    . . .     Faith    .   c - +0 kite shield
rNeg     . . .     Spirit   .   b - +0 scale mail
rPois    .         Reflect  .   (helmet restricted)
rElec    .         Harm     .   (no cloak)
rCorr    .         Rampage  .   h - +0 pair of gloves
MR       .....                  (no boots)
Stlth    ..........             (no amulet)
HPRegen  0.11/turn              (no ring)
MPRegen  0.09/turn              (no ring)

@: lethally poisoned (-1 -> -22)
A: horns 1, deterioration 1, wild magic 2, sharp scales 1
a: no special abilities


You were on level 2 of the Dungeon.
You visited 1 branch of the dungeon, and saw 2 of its levels.

You collected 62 gold pieces.

Inventory:

Hand Weapons
 a - a +0 trident (weapon)
Armour
 b - a +0 scale mail (worn)
 c - a +0 kite shield (worn)
 h - a +0 pair of gloves (worn)
Jewellery
 g - a +4 ring of evasion {unknown}
 k - an uncursed amulet of regeneration {unknown}
Scrolls
 e - a scroll of magic mapping {unknown}
 f - a scroll of identify {unknown}
 j - a scroll of teleportation {unknown}
 l - a scroll of fog {unknown}
Potions
 d - a potion of might


   Skills:
 - Level 3.0 Fighting
 * Level 3.2 Polearms
 + Level 3.3 Armour
 + Level 3.3 Shields


You had 3 spell levels left.
You didn't know any spells.
Your spell library was empty.

Dungeon Overview and Level Annotations

Branches:
Dungeon (2/15)

Altars:


Innate Abilities, Weirdness & Mutations

You have a pair of small horns on your head.
You are partially covered in razor-sharp scales. (AC +1, Slay +1)
Your body sometimes deteriorates upon taking damage.
Your spells are harder to cast, but more powerful.


Message History

You puncture Robin! You headbutt Robin.
You kill Robin!
You feel very sick. The goblin hits you but does no damage.
You block the goblin's attack.
Unknown command.
You feel sick. The goblin hits you.
* * * LOW HITPOINT WARNING * * *
You feel very sick.
* * * LOW HITPOINT WARNING * * *
You feel sick. The goblin barely misses you.
* * * LOW HITPOINT WARNING * * *
You feel sick.
* * * LOW HITPOINT WARNING * * *
You feel sick.
The goblin no longer looks unusually strong.
It was a potion of mutation.
You feel extremely strange.
You feel yourself wasting away.
You feel less in control of your magic. x2
* * * LOW HITPOINT WARNING * * *
You feel sick.
You die...

#..#######'##.#
#..#........#.#
#..#........#.#
########..#........#.#
..........#........#.##
.##.#####.#(.......#..#
#.#........#..###
#.#####.#........#.....
#>....@.#........#.....
#.......##+#######.<###
#[#####gg.........)####
######g#.......#....
.....)))†...........(
#######.(....####.###
####.#......# #
#.....†### # #......# #


You could see 3 goblins.

Vanquished Creatures
  Terence (D:2)
  Robin (D:2)
  An ooze (D:1)
  A dart slug (D:2)
  3 leopard geckos
  4 bats
  3 giant cockroaches (D:1)
  7 goblins
  8 hobgoblins
  4 jackals (D:1)
  8 kobolds
  A quokka (D:2)
  2 frilled lizards
  7 rats
51 creatures vanquished.

Notes
Turn   | Place    | Note
-------+----------+-------------------------------------------
     0 | D:1      | mordus the Demonspawn Fighter began the quest for the Orb.
     0 | D:1      | Reached XP level 1. HP: 18/18 MP: 1/1
   252 | D:1      | Gained mutation: You have a pair of small horns on your
                  | head. [demonic ancestry]
   252 | D:1      | Reached XP level 2. HP: 24/24 MP: 2/2
   553 | D:1      | Reached XP level 3. HP: 21/29 MP: 3/3
  1311 | D:2      | Noticed Terence
  1338 | D:2      | Killed Terence
  1338 | D:2      | Gained mutation: You are partially covered in razor-sharp
                  | scales. (AC +1, Slay +1) [demonic ancestry]
  1338 | D:2      | Reached XP level 4. HP: 27/35 MP: 4/4
  1494 | D:2      | Noticed Robin
  1514 | D:2      | Killed Robin
  1520 | D:2      | Gained mutation: Your body sometimes deteriorates upon
                  | taking damage. [potion of mutation]
  1520 | D:2      | Gained mutation: Your spells are a little harder to cast,
                  | but a little more powerful. [potion of mutation]
  1520 | D:2      | Gained mutation: Your spells are harder to cast, but more
                  | powerful. [potion of mutation]
  1520 | D:2      | HP: 1/35 [poisoned by a goblin]
  1521 | D:2      | Succumbed to a goblin's poison

Illustrated notes

Levels and vault maps discovered:
D:1:      roderic_chinese_lattice_arrival, layout_loops_ring
D:2:      layout_basic, minivault_25, uniq_terence, uniq_robin

Skill      XL: |  1  2  3 |
---------------+----------+-----
Polearms       | 2 3 |  3.2
Armour         | 3 |  3.3
Shields        | 3 |  3.3
Fighting       | |  3.0

Action                   |  1- 3 |  4- 6 || total
-------------------------+-------+-------++-------
Melee: Trident           |   132 |    25 ||   157
       Headbutt          |    18 |     4 ||    22
  Use: Potion            |       |     1 ||     1
Armor: Scale mail        |    52 |    14 ||    66
Dodge: Dodged            |    30 |     8 ||    38
Block: Kite shield       |    55 |    15 ||    70

Table legend: (Time is in decaauts)
 A = Elapsed time spent in this place.
 B = Non-inter-level travel time spent in this place.
 C = Inter-level travel time spent in this place.
 D = Time resting spent in this place.
 E = Time spent auto-exploring this place.
 F = Levels seen in this place.
 G = Mean time per level.
                   A        B        C        D        E       F      G
               +--------+--------+--------+--------+--------+-----+--------+
         Total |   1563 |   1531 |     32 |    158 |   1061 |   2 |  781.5 |
       Dungeon |   1563 |   1531 |     32 |    158 |   1061 |   2 |  781.5 |
               +--------+--------+--------+--------+--------+-----+--------+

Top non-repeatable levels by time:
     D:1: 989 daAuts
     D:2: 574 daAuts
